 Dungeon Crawl Stone Soup version 0.31-a0-978-g1e143483b6 (webtiles) character file.

Game seed: 11467537246071821869

1424 olourkin the Summoner (level 8, -2/52 HPs)
             Began as a Merfolk Summoner on Oct 31, 2023.
             Was a Believer of Yredelemnul.
             Killed from afar by Maggie (16 damage)
             ... with a bolt of light
             ... on level 6 of the Dungeon.
             The game lasted 00:44:54 (6935 turns).

olourkin the Summoner (Merfolk Summoner)            Turns: 6935, Time: 00:44:54

Health: -2/52      AC: 16    Str:  8    XL:     8   Next: 72%
Magic:  7/12       EV: 10    Int: 20    God:    Yredelemnul [**....]
Gold:   242        SH:  0    Dex: 14    Spells: 4/13 levels left

rFire   . . .        y - +1 spear (heavy)
rCold   . . .        (no shield)
rNeg    . . .        K - +4 ring mail
rPois   .            t - +2 hat {Int+3}
rElec   .            x - +2 cloak
rCorr   .            q - +0 pair of gloves
SInv    .            f - +0 pair of boots
Will    +....        C - amulet of regeneration Stlth
                     E - ring of wizardry
HPRegen 1.08/turn    k - ring of willpower
MPRegen 0.13/turn

%: wizardry (x1)
@: confused, mesmerised, hasted, very quick
A: (nimble swimmer 2), mertail
a: Renounce Religion, Recall Undead Harvest, Dark Bargain


You were on level 6 of the Dungeon.
You worshipped Yredelemnul.
Yredelemnul was noncommittal.
You visited 2 branches of the dungeon, and saw 7 of its levels.

You collected 242 gold pieces.

Inventory:

Hand Weapons
 d - a +0 dagger
 y - a +1 heavy spear (weapon)
 A - a +0 longbow
Missiles
 e - 23 stones (quivered)
 j - 3 poisoned darts
 l - 4 atropa-tipped darts
 o - 4 javelins
Armour
 a - a +0 robe
 f - a +0 pair of boots (worn)
 q - a +0 pair of gloves (worn)
 t - a +2 hat of intelligence (worn)
 x - a +2 cloak (worn)
 K - a +4 ring mail (worn)
Jewellery
 k - a ring of willpower (right hand)
 B - a ring of fire
 C - an amulet of regeneration (around neck)
 D - an amulet of guardian spirit
 E - a ring of wizardry (left hand)
Wands
 u - a wand of iceblast (10)
Scrolls
 h - a scroll of amnesia {unknown}
 m - a scroll of poison {!r}
 r - a scroll of acquirement
 s - a scroll of revelation
 w - a scroll of enchant weapon
 z - a scroll of fog {unknown}
Potions
 b - a potion of magic
 c - 3 potions of lignification {!q}
 g - a potion of brilliance {unknown}
 i - 3 potions of curing
 n - a potion of might {unknown}
 p - a potion of mutation {!q}
 v - a potion of haste
 F - a potion of invisibility {unknown}
 G - a potion of heal wounds {unknown}
 I - a potion of berserk rage {unknown}
 J - a potion of enlightenment {unknown}


   Skills:
 + Level 3.8 Polearms
 + Level 2.0 Armour
 - Level 2.9 Dodging
 - Level 2.3 Stealth
 - Level 3.0 Spellcasting
 - Level 2.0 Hexes
 * Level 9.7 Summonings


You had 4 spell levels left.
You knew the following spells:

 Your Spells              Type           Power      Damage    Failure   Level
e - Apportation           Tloc           6%         N/A       16%         1
u - Summon Guardian Gole  Hex/Summ       26%        N/A       4%          3
x - Slow                  Hex            44%        N/A       8%          1
y - Call Canine Familiar  Summ           41%        N/A       1%          3
z - Summon Small Mammal   Summ           100%       N/A       1%          1

Your spell library contained the following spells:

 Spells                   Type           Power      Damage    Failure   Level
 Call Imp                 Summ           82%        N/A       1%          2
 Necrotise                Necr           12%        1d4       16%         1
 Sandblast                Erth           6%         2d5       16%         1
 Confusing Touch          Hex            11%        N/A       22%         3
 Sigil of Binding         Hex            11%        N/A       22%         3
 Summon Lightning Spire   Summ/Air       22%        N/A       22%         4
 Passwall                 Tmut/Erth      2%         N/A       26%         2
 Stone Arrow              Conj/Erth      6%         3d7       43%         3
 Vampiric Draining        Necr           3%         2d6       43%         3
 Volatile Blastmotes      Fire/Tloc      6%         2d10      43%         3
 Fulminant Prism          Conj/Hex       3%         3d5       69%         4
 Brom's Barrelling Bould  Conj/Erth      3%         2d3       82%         4
 Iskenderun's Mystic Bla  Conj/Tloc      3%         2d3       82%         4


Dungeon Overview and Level Annotations

Branches:
Dungeon (6/15)             Temple (1/1) D:4

Altars:
Ashenzari
Cheibriados
Elyvilon
Fedhas
Gozag
Hepliaklqana
Makhleb
Nemelex Xobeh
Okawaru
Qazlal
Ru
Sif Muna
Trog
Uskayaw
Vehumet
Wu Jian
Xom
Yredelemnul
Zin
The Shining One

Annotations:
D:4 Duvessa, Sigmund
D:6 Maggie


Innate Abilities, Weirdness & Mutations

((You are very nimble when in or above water. (Stealth+, EV+, Speed+++)))
Your lower body shifts to a powerful aquatic tail in water.


Message History

Your wolf's corpse disappears in a puff of smoke!
Your rat barely misses Maggie.
Casting: Summon Small Mammal (safe; 1% risk of failure)
Confirm with . or Enter, or press ? or * to list all spells.
Maggie shouts!
Maggie hits your rat with a +0 morningstar of flaming!
Maggie burns your rat.
Your rat dies!
Your rat's corpse disappears in a puff of smoke!
Maggie hits your orc zombie with a +0 morningstar of flaming!
Maggie burns your orc zombie.
Your orc zombie is destroyed!
You hear a shout!
Maggie casts a spell at you. The bolt of fire hits your hound!!
Your hound dies!
Your hound's corpse disappears in a puff of smoke!
The bolt of fire hits you!!
Maggie smiles, but it's obviously fake.
A white imp comes into view.
Found a falchion.
Maggie casts a spell.
Maggie attempts to bespell you!
You are mesmerised by Maggie!
Maggie zaps a wand.
The bolt of light hits you!!
* * * LOW HITPOINT WARNING * * *
The white imp hits you but does no damage.
You hit Maggie.
Maggie is heavily wounded.
Your ice beast zombie hits Maggie but does no damage.
Maggie gestures at you while chanting. The bolt of fire hits you.
* * * LOW HITPOINT WARNING * * *
The white imp gestures at you.
The puff of frost hits you but does no damage.
Your ice beast zombie hits Maggie but does no damage.
You feel yourself speed up.
Maggie zaps a wand.
The bolt of light hits you!
You are confused.
You die...
Your body rises from the dead as a mindless zombie.

####### #. #.#...#.. ..
#.#..<.o###o #.#.#..o...
#.#.......#
#####.#.#..o..# .....
#.....#.......# .....
#...:.#....<..#.......
#...5@#...#####.......
#...@.#.. ......
......#Z###########'#...
).....#ZZ.Z.....Z.Z.....
..... ############......
..... ...>..Z'......
.... ..######...... ....
#...... ####......


You could see Maggie (mesmerising, ally target), a white imp, a friendly water
moccasin zombie and 2 friendly ice beast zombies.

Vanquished Creatures
  A water moccasin (D:5)
  2 iguanas (D:5)
  A gnoll bouda (D:5)
  A gnoll (D:5)
  2 adders (D:5)
  A white imp (D:6)
  2 orcs
  An endoplasm (D:3)
  3 hobgoblins
  2 jackals (D:4)
  3 kobolds
  A quokka (D:5)
  A bat (D:3)
  2 rats (D:3)
23 creatures vanquished.

Vanquished Creatures (collateral kills)
  Eustachio (D:4)
  2 water moccasins
  2 ice beasts (D:6)
  An ogre (D:4)
  Dowan (D:4)
  3 hounds
  2 jellies
  A sleepcap (D:6)
  2 iguanas (D:5)
  4 orc wizards
  7 gnolls
  4 adders
  2 ufetubi (D:6)
  A dart slug (D:5)
  13 orcs
  2 ball pythons
  2 bats
  An endoplasm (D:3)
  A giant cockroach (D:1)
  2 goblins (D:2)
  6 hobgoblins
  3 jackals
  3 kobolds
  2 quokkas
  4 frilled lizards
  2 rats
74 creatures vanquished.

Vanquished Creatures (others)
  An ogre zombie (D:4)
  A hound zombie (D:6)
  An iguana zombie (D:5)
  A ball python zombie (D:4)
  3 gnoll zombies (D:5)
  6 orc zombies
  A quokka zombie (D:5)
  2 spectral ufetubi (D:6)
16 creatures vanquished.

Grand Total: 113 creatures vanquished

Notes
Turn   | Place    | Note
-------+----------+-------------------------------------------
     0 | D:1      | olourkin the Merfolk Summoner began the quest for the Orb.
     0 | D:1      | Reached XP level 1. HP: 13/13 MP: 3/3
   352 | D:1      | Reached XP level 2. HP: 19/19 MP: 1/5
  1620 | D:2      | Identified the +1 ring mail of an ice cave {-Cast Str+3
                  | Slay+3}
  1758 | D:2      | Learned a level 1 spell: Slow
  1887 | D:3      | Reached XP level 3. HP: 24/24 MP: 3/6
  2070 | D:3      | Found a shimmering blue altar of Sif Muna.
  2070 | D:3      | Found a hazy altar of Hepliaklqana.
  2215 | D:3      | Reached XP level 4. HP: 29/30 MP: 4/7
  2277 | D:3      | Found a faded altar of an unknown god.
  2378 | D:3      | Reached skill level 1 in Hexes
  2425 | D:3      | Reached skill level 5 in Summonings
  3001 | D:4      | Noticed Eustachio
  3027 | D:3      | Learned a level 3 spell: Call Canine Familiar
  3058 | D:4      | Reached XP level 5. HP: 34/35 MP: 4/9
  3121 | D:4      | Learned a level 1 spell: Apportation
  3667 | D:4      | Killed Eustachio
  3668 | D:4      | Reached skill level 6 in Summonings
  3668 | D:4      | Reached XP level 6. HP: 19/41 MP: 2/10
  3781 | D:4      | Found a stormy altar of Qazlal.
  3815 | D:4      | Noticed Dowan
  3817 | D:4      | Noticed Sigmund
  3993 | D:4      | Found a staircase to the Ecumenical Temple.
  4014 | D:4      | Learned a level 3 spell: Summon Guardian Golem
  4040 | D:4      | Noticed Duvessa
  4052 | Temple   | Entered the Ecumenical Temple
  4136 | Temple   | Became a worshipper of Yredelemnul the Dark
  4227 | D:4      | Killed Dowan
  4368 | D:4      | Reached skill level 7 in Summonings
  4368 | D:4      | Reached XP level 7. HP: 46/46 MP: 3/11
  4742 | D:4      | Reached * piety under Yredelemnul
  4997 | D:5      | Entered Level 5 of the Dungeon
  5253 | D:5      | Reached skill level 8 in Summonings
  5974 | D:5      | Reached skill level 1 in Polearms
  5979 | D:5      | Reached XP level 8. HP: 33/52 MP: 7/12
  6074 | D:5      | Reached skill level 9 in Summonings
  6169 | D:5      | Identified a scroll of acquirement
  6363 | D:6      | Reached skill level 1 in Armour
  6671 | D:6      | Reached ** piety under Yredelemnul
  6918 | D:6      | Noticed Maggie
  6935 | D:6      | Killed from afar by Maggie

Illustrated notes

Levels and vault maps discovered:
D:1:      shiori_arrival_oz, layout_basic, hangedman_decor_diamond_cutter
D:2:      layout_basic, kennysheep_small_spiral
D:3:      layout_loops_ring, nicolae_overflow_two_pavilions,
          hellmonk_ecumenical_altar_leap_of_faith, minmay_misc_feat_more_columns
D:4:      layout_cave_pods, mainiacjoe_overflow_swirl,
          minmay_temple_entry_mini_moons, uniq_eustachio, uniq_duvessa,
          uniq_sigmund
D:5:      layout_loops_ring
D:6:      layout_basic, kennysheep_vampire_church, kennysheep_big_empty_room,
          grunt_ministairs_12, kennysheep_pointless_box, uniq_maggie,
          uniq_crazy_yiuf_cottage
Temple:   minmay_crystal_spiral_temple

Skill      XL: |  1  2  3  4  5  6  7  8 |
---------------+-------------------------+-----
Hexes          | 1 2 |  2.0
Summonings     | 5 6 7 8 9 |  9.7
Spellcasting   | 3 |  3.0
Polearms       | 1 3 |  3.8
Armour         | 2 |  2.0
Dodging        | |  2.9
Stealth        | |  2.3

Action                     |  1- 3 |  4- 6 |  7- 9 || total
---------------------------+-------+-------+-------++-------
  Melee: Unarmed           |    10 |       |       ||    10
         Dagger            |    34 |    13 |       ||    47
         Spear             |       |    67 |   114 ||   181
         Punch             |       |       |     1 ||     1
  Throw: Stone             |       |     2 |       ||     2
   Cast: Summon Small Mamm |    54 |    71 |    35 ||   160
         Call Canine Famil |       |     7 |    35 ||    42
         Summon Guardian G |       |     2 |       ||     2
 Invoke: Dark Bargain      |       |       |     1 ||     1
    Use: Scroll            |       |       |    12 ||    12
         Potion            |       |       |     1 ||     1
   Stab: Sleeping          |       |     2 |       ||     2
         Distracted        |       |     1 |     1 ||     2
 Armour: Robe              |    24 |    76 |    44 ||   144
         Ring mail         |       |       |    30 ||    30
  Dodge: Dodged            |    39 |    73 |    51 ||   163

Table legend: (Time is in decaauts)
 A = Elapsed time spent in this place.
 B = Non-inter-level travel time spent in this place.
 C = Inter-level travel time spent in this place.
 D = Time resting spent in this place.
 E = Time spent auto-exploring this place.
 F = Levels seen in this place.
 G = Mean time per level.
                   A        B        C        D        E       F      G
               +--------+--------+--------+--------+--------+-----+--------+
         Total |   6970 |   6571 |    399 |   1823 |   2933 |   7 |  995.7 |
       Dungeon |   6804 |   6485 |    319 |   1823 |   2933 |   6 | 1134.0 |
        Temple |    165 |     85 |     80 |      0 |      0 |   1 |  165.0 |
               +--------+--------+--------+--------+--------+-----+--------+

Top non-repeatable levels by time:
     D:4: 1642 daAuts
     D:5: 1368 daAuts
     D:3: 1281 daAuts
     D:1: 1026 daAuts
     D:2: 889 daAuts
     D:6: 596 daAuts
  Temple: 165 daAuts
